 Dungeon Crawl Stone Soup version 0.26.0-10-g1f06aea511 (webtiles) character file.

Game seed: 15932886913487237938

9031 Arum the Fighter (level 11, -3/92 HPs)
             Began as a Mummy Fighter on Jan 19, 2021.
             Was a High Priest of Cheibriados.
             Slain by a skeletal warrior
             ... wielding a +0 glaive
             ... led by a skeletal warrior
              (27 damage)
             ... on level 11 of the Dungeon.
             The game lasted 00:23:57 (13850 turns).

Arum the Fighter (Mummy Fighter)                   Turns: 13850, Time: 00:23:58

Health: -3/92      AC:  9    Str: 34    XL:     11   Next: 17%
Magic:  11/11      EV: 13    Int: 21    God:    Cheibriados [*****.]
Gold:   751        SH: 15    Dex: 23    Spells: 10/10 levels left

rFire    x . .     SeeInvis +   v - +3 flail (drain)
rCold    + + .     Faith    .   c - +1 kite shield
rNeg     + + +     Spirit   .   b - +0 scale mail
rPois    ∞         Reflect  .   e - +1 helmet {SInv}
rElec    +         Harm     .   k - +0 cloak
rCorr    .         Rampage  .   (no gloves)
Will     +....                  (no boots)
Stlth    +.........             (no amulet)
HPRegen  0.25/turn              i - +4 ring of evasion
MPRegen  0.12/turn              D - ring "Puus" {rElec rC+ Int+3}

@: about to teleport, very slow
A: no potions, fire vulnerability, cold resistance 1, negative energy resistance
3, torment resistance, unbreathing
a: Renounce Religion, Bend Time, Temporal Distortion, Slouch, Step From Time


You were on level 11 of the Dungeon.
You worshipped Cheibriados.
Cheibriados was extremely pleased with you.
You visited 2 branches of the dungeon, and saw 12 of its levels.
You also visited: Sewer, Ossuary and Bailey.

You collected 805 gold pieces.
You spent 54 gold pieces at shops.

Inventory:

Hand Weapons
 v - a +3 flail of draining (weapon)
 x - a +2 whip of flaming
Missiles
 q - 4 silver javelins (quivered)
 E - a throwing net
Armour
 b - a +0 scale mail (worn)
 c - a +1 kite shield (worn)
 e - a +1 helmet of see invisible (worn)
 k - a +0 cloak (worn)
 o - a +0 plate armour
Jewellery
 a - an uncursed ring of fire
 i - a +4 ring of evasion (left hand)
 m - an uncursed ring of see invisible
 r - an uncursed ring of magical power
 u - an uncursed ring of fire
 D - the ring "Puus" (right hand) {rElec rC+ Int+3}
   (You found it on level 9 of the Dungeon)

   [ring of protection from cold]

   It affects your intelligence (+3).
   It protects you from cold.
   It insulates you from electricity.
Wands
 h - a wand of random effects (34)
 A - a wand of polymorph (9)
 B - a wand of paralysis (5)
 C - a wand of digging (3)
 F - a wand of enslavement (2)
Scrolls
 d - a scroll of immolation
 f - 7 scrolls of teleportation
 g - 3 scrolls of fog
 j - 6 scrolls of remove curse
 l - 3 scrolls of enchant armour
 n - a scroll of blinking
 p - 3 scrolls of magic mapping
 s - 2 scrolls of amnesia
 t - 2 scrolls of noise
 y - 2 scrolls of fear
 z - 2 scrolls of identify


   Skills:
 + Level 10.5 Fighting
 + Level 8.7 Maces & Flails
 - Level 2.4 Armour
 + Level 8.9 Shields


You had 10 spell levels left.
You didn't know any spells.
Your spell library contained the following spells:

 Spells                   Type           Power        Failure   Level
 Animate Skeleton         Necr           0%           58%         1
 Apportation              Tloc           0%           58%         1
 Corona                   Hex            0%           58%         1
 Sandblast                Erth           0%           58%         1
 Summon Small Mammal      Summ           0%           58%         1
 Passwall                 Tmut/Erth      0%           75%         2
 Slow                     Hex            0%           75%         2
 Inner Flame              Hex/Fire       0%           92%         3
 Portal Projectile        Hex/Tloc       0%           92%         3
 Stone Arrow              Conj/Erth      0%           92%         3
 Cause Fear               Hex            0%           100%        4
 Leda's Liquefaction      Hex/Erth       0%           100%        4
 Petrify                  Tmut/Erth      0%           100%        4
 Lee's Rapid Deconstruct  Erth           0%           100%        5


Dungeon Overview and Level Annotations

Branches:
Dungeon (11/15)            Temple (1/1) D:7            Lair (0/6) D:11
    Orc (0/2) D:11          Sewer (visited)         Ossuary (visited)
 Bailey (visited)

Altars:
Ashenzari
Cheibriados
Dithmenos
Elyvilon
Fedhas
Gozag
Hepliaklqana
Kikubaaqudgha
Makhleb
Nemelex Xobeh
Okawaru
Qazlal
Ru
Sif Muna
Trog
Uskayaw
Vehumet
Wu Jian
Xom
Yredelemnul
Zin
The Shining One
Beogh

Shops:
D:4 =   D:6 *

Annotations:
D:10 2 transporters


Innate Abilities, Weirdness & Mutations

You do not drink.
Your flesh is vulnerable to fire.
You are immune to poison.
Your flesh is cold resistant. (rC+)
You are immune to negative energy. (rN+++)
You are immune to unholy pain and torment.
You can survive without breathing.


Message History

The skeletal warrior is heavily damaged.
You block the skeletal warrior's attack. x2
You hit the skeletal warrior.
The skeletal warrior is heavily damaged.
The skeletal warrior hits you from afar with a +0 glaive.
You hit the skeletal warrior but do no damage.
The skeletal warrior is heavily damaged.
The skeletal warrior hits you with a +0 halberd!!
The skeletal warrior hits you from afar with a +0 glaive.
You are too injured to fight recklessly!
You hit the skeletal warrior but do no damage.
The skeletal warrior is heavily damaged.
The skeletal warrior hits you with a +0 halberd!
* * * LOW HITPOINT WARNING * * *
Evoke which item? (* to show all) (? for menu, Esc to quit)
Okay, then.
As you read the scroll of teleportation, it crumbles to dust.
You feel strangely unstable.
The skeletal warrior hits you from afar with a +0 glaive!!
You die...

###......≈#..)#≈.###.# *,*
#....(.≈#.∩)#≈.#.#.# *,*
#......≈#...#≈.#.#.# *,*
#......≈#####≈...#.# *,*
#......≈≈≈≈≈≈≈..(#.# *,*
#..............#.#.# *,*
#...........#....#.# *,*
#...........####.#.#*********,,
#...........zz@..#.#,,,,,,,,,,,
############z#####,*,,,,,,,,,,,
** #.# *,,,,,,,,,,,,, ,* #.#
*,,,,,,,,,,,,> ,********* #.#
*,,,,,*****,,, ,**,,,,,,*
#.#####...,,**,***,* ,**,,,,,,*
*#....z....,,,,,,**,*
,**,,,,,,*
#..........,,,*,,,,,,
,**,,,,,,*
#.######z#+**,*****,*


You could see 3 skeletal warriors.

Vanquished Creatures
  A skeletal warrior (D:11)
  Pikel (D:6)
  A manticore (D:11)
  A centaur zombie (D:7)
  2 trolls (D:9)
  A hornet (D:9)
  Grinder (D:5)
  2 shadows
  4 yaks (D:9)
  Eustachio (D:4)
  Edmund (D:4)
  A water moccasin (D:6)
  2 orc warriors
  A hornet zombie (D:11)
  4 sky beasts
  A necrophage (D:7)
  A black bear (D:8)
  A phantom (D:5)
  4 ice beasts
  4 ogres
  4 centaurs
  A big kobold (D:9)
  5 bullfrogs
  3 scorpions
  A water moccasin skeleton (D:9)
  3 killer bees (D:9)
  6 howler monkeys
  A quasit (D:9)
  3 hounds
  4 jellies
  2 bullfrog skeletons
  4 orc priests
  Crazy Yiuf (D:2)
  3 centaur skeletons
  A gnoll shaman (D:9)
  9 orc wizards
  Terence (D:2)
  An iguana (D:10)
  Natasha (twice) (D:4)
  8 worker ants
  A hound zombie (D:5)
  13 mummies (Ossuary)
  A howler monkey zombie (D:6)
  2 worker ant zombies (D:10)
  4 gnolls (D:9)
  11 adders
  3 river rats (Sewer)
  A white imp (D:7)
  2 ufetubi
  2 oozes
  2 adder skeletons (D:8)
  An adder zombie (D:9)
  6 worms
  3 dart slugs (D:1)
  4 leopard geckos
  46 orcs
  10 ball pythons
  4 giant cockroaches
  12 goblins
  6 hobgoblins
  10 jackals
  28 kobolds
  4 quokkas
  7 bats
  5 frilled lizards
  2 gnoll skeletons (Ossuary)
  2 goblin skeletons (Ossuary)
  A jackal skeleton (D:5)
  A kobold skeleton (Ossuary)
  2 leopard gecko zombies (D:5)
  3 orc skeletons (Ossuary)
  3 quokka skeletons
  3 quokka zombies
  40 rats
  11 rat skeletons (Ossuary)
  A bush (D:9)
355 creatures vanquished.

Vanquished Creatures (collateral kills)
  An orc knight (Bailey)
  2 orc warriors (Bailey)
3 creatures vanquished.

Vanquished Creatures (others)
  An orc warrior (Bailey)
  A gnoll (D:9)
  An orc (D:9)
3 creatures vanquished.

Grand Total: 361 creatures vanquished

Notes
Turn   | Place    | Note
-------+----------+-------------------------------------------
     0 | D:1      | Arum the Mummy Fighter began the quest for the Orb.
     0 | D:1      | Reached XP level 1. HP: 18/18 MP: 1/1
    96 | D:1      | Reached XP level 2. HP: 24/24 MP: 2/2
   431 | D:1      | Reached XP level 3. HP: 18/29 MP: 3/3
  1059 | D:2      | Noticed Terence
  1067 | D:2      | Killed Terence
  1068 | D:2      | Reached XP level 4. HP: 37/37 MP: 4/4
  1603 | D:2      | Found a runed translucent door.
  1604 | D:2      | Noticed Crazy Yiuf
  1888 | D:2      | Killed Crazy Yiuf
  1889 | D:2      | Reached skill level 4 in Fighting
  2188 | D:3      | Reached XP level 5. HP: 42/42 MP: 5/5
  3003 | D:4      | Found a sand-covered staircase.
  3024 | Ossuary  | Entered an ossuary
  3452 | Ossuary  | Reached XP level 6. HP: 47/49 MP: 6/6
  4315 | D:4      | Noticed Natasha
  4322 | D:4      | Killed Natasha
  4404 | D:4      | Reached skill level 5 in Fighting
  4516 | D:4      | Noticed Eustachio
  4534 | D:4      | Noticed Edmund
  4565 | D:4      | Killed Edmund
  4566 | D:4      | Reached XP level 7. HP: 21/56 MP: 7/7
  4780 | D:4      | Noticed Natasha
  4791 | D:4      | Killed Natasha
  4836 | D:4      | Killed Eustachio
  4978 | D:4      | Found Ukhleifimp's Jewellery Shop.
  4986 | D:4      | Bought a cursed amulet of inaccuracy for 22 gold pieces
  5124 | D:5      | Entered Level 5 of the Dungeon
  5212 | D:5      | Found a glowing drain.
  5238 | Sewer    | Entered a sewer
  5941 | D:5      | Reached skill level 6 in Fighting
  5945 | D:5      | Reached skill level 5 in Shields
  5951 | D:5      | Reached XP level 8. HP: 42/64 MP: 8/8
  6099 | D:5      | Reached skill level 5 in Maces & Flails
  6309 | D:5      | Noticed Grinder
  6312 | D:5      | Paralysed by Grinder for 3 turns
  6320 | D:5      | Paralysed by Grinder for 7 turns
  6359 | D:5      | Killed Grinder
  6578 | D:5      | Reached skill level 7 in Fighting
  6942 | D:6      | Found a stormy altar of Qazlal.
  7231 | D:6      | Reached XP level 9. HP: 72/72 MP: 9/9
  7247 | D:6      | Noticed Pikel
  7256 | D:6      | Found a snail-covered altar of Cheibriados.
  7256 | D:6      | Found a radiant altar of Vehumet.
  7260 | D:6      | Became a worshipper of Cheibriados the Contemplative
  7291 | D:6      | Killed Pikel
  7495 | D:6      | Reached skill level 8 in Fighting
  7620 | D:6      | Found Mywnoih's Assorted Antiques.
  7628 | D:6      | Bought a scroll labelled YKLASY XILUL for 32 gold pieces
  8115 | D:7      | Found a staircase to the Ecumenical Temple.
  8256 | D:7      | Found a bloodstained altar of Trog.
  8482 | D:7      | Reached * piety under Cheibriados
  8922 | Temple   | Entered the Ecumenical Temple
  9169 | D:8      | Found an opulent altar of Gozag.
  9925 | D:9      | Found a glowing golden altar of the Shining One.
 10007 | D:9      | Found a sparkling altar of Nemelex Xobeh.
 10007 | D:9      | Found a glowing silver altar of Zin.
 10020 | D:9      | Got a steaming platinum ring
 10081 | D:9      | Reached XP level 10. HP: 78/82 MP: 10/10
 10122 | D:9      | Identified the ring "Puus" {rElec rC+ Int+3} (You found it
                  | on level 9 of the Dungeon)
 10136 | D:9      | Reached skill level 9 in Fighting
 10173 | D:9      | Reached ** piety under Cheibriados
 11255 | D:9      | Reached *** piety under Cheibriados
 11629 | D:10     | Entered Level 10 of the Dungeon
 11825 | D:10     | Found a transporter.
 11826 | D:10     | Noticed an orc high priest
 11827 | D:10     | Found a roughly hewn altar of Beogh.
 11827 | D:10     | Found a transporter.
 11827 | D:10     | Noticed an orc knight
 12271 | D:10     | Reached skill level 10 in Fighting
 12274 | D:10     | Reached **** piety under Cheibriados
 12424 | D:10     | Found a sacrificial altar of Ru.
 12717 | D:11     | Noticed a manticore
 12723 | D:11     | Killed a manticore
 12795 | D:11     | Found a flagged portal.
 12796 | D:11     | Noticed a skeletal warrior
 12804 | Bailey   | Entered a bailey
 13304 | Bailey   | Noticed an orc knight
 13326 | Bailey   | Killed an orc knight
 13369 | Bailey   | Reached XP level 11. HP: 85/92 MP: 11/11
 13472 | D:11     | Killed a skeletal warrior
 13489 | D:11     | Reached ***** piety under Cheibriados
 13572 | D:11     | Noticed a skeletal warrior
 13575 | D:11     | Noticed a skeletal warrior
 13575 | D:11     | Noticed a skeletal warrior
 13850 | D:11     | Slain by a skeletal warrior

Illustrated notes

Levels and vault maps discovered:
D:1:      dpeg_arrival_arbitrary_b, layout_basic
D:2:      layout_loops_cross, kennysheep_nub, uniq_crazy_yiuf_cottage,
          uniq_terence
D:3:      layout_loops_ring
D:4:      layout_loops_ring, enter_ossuary_4, serial_shops, nicolae_shop_stone,
          uniq_natasha, uniq_eustachio, uniq_edmund
D:5:      layout_cave_pools, cheibrodos_sewer_entry_bend, uniq_grinder
D:6:      layout_basic, gammafunk_temple_overflow_wave, serial_shops,
          nicolae_shop_trees, grunt_qazlal_sundering, uniq_pikel
D:7:      layout_loops_corners, temple_doors_e, basic_altar
D:8:      layout_loops_ring, nicolae_overflow_crystal_walls
D:9:      layout_long_grid, gammafunk_temple_overflow_forgotten
D:10:     gammafunk_beogh_shrine, layout_basic, basic_altar, grunt_ministairs_2
D:11:     layout_basic, david_lair_shrubbed, minmay_orc_entry_guard_dogs,
          enter_bailey_3
Temple:   regret_index_temple_sphere_string

Skill      XL: |  1  2  3  4  5  6  7  8  9 10 |
---------------+-------------------------------+-----
Maces & Flails | 2 3 4 5 7 8 |  8.7
Shields        | 3 4 5 6 7 8 |  8.9
Fighting       | 4 5 6 7 8 10 | 10.5
Armour         | |  2.4

Action                   |  1- 3 |  4- 6 |  7- 9 | 10-12 || total
-------------------------+-------+-------+-------+-------++-------
Melee: Flail             |   108 |   331 |   356 |    91 ||   886
       Whip              |       |       |   241 |   346 ||   587
Evoke: Wand              |       |     4 |     1 |    22 ||    27
  Use: Scroll            |       |       |    12 |     9 ||    21
 Stab: Paralysed         |       |       |       |    12 ||    12
Armor: Scale mail        |    64 |    91 |   175 |   100 ||   430
Dodge: Dodged            |    51 |    98 |   296 |   227 ||   672
Block: Kite shield       |    64 |   128 |   328 |   408 ||   928
